 Dungeon Crawl Stone Soup version 0.26.0-45-g9c1d065592 (webtiles) character file.

Game seed: 4938392961212567750

6304 Gauvater the Cleaver (level 10, -1/138 HPs)
             Began as a Palentonga Fighter on Jan 28, 2021.
             Was an Elder of Wu Jian.
             Slain by a deep elf mage
             ... wielding a +0 long sword
              (4 damage)
             ... on level 10 of the Dungeon.
             The game lasted 01:07:57 (12032 turns).

Gauvater the Cleaver (Palentonga Fighter)          Turns: 12032, Time: 01:07:57

Health: -1/138     AC:  5    Str: 21    XL:     10   Next: 63%
Magic:  10/10      EV:  1    Int:  9    God:    Wu Jian [****..]
Gold:   578        SH: 10    Dex: 11    Spells: 6/9 levels left

rFire    . . .     SeeInvis +   a - +0 war axe
rCold    . . .     Faith    .   c - +0 kite shield
rNeg     + + +     Spirit   .   (armour currently unavailable)
rPois    +         Reflect  .   (helmet currently unavailable)
rElec    .         Harm     .   (cloak currently unavailable)
rCorr    +         Rampage  .   (gloves currently unavailable)
Will     .....     NoTele   +   (no barding)
Stlth    +.........             (no amulet)
HPRegen  0.33/turn              d - ring of resist corrosion
MPRegen  0.12/turn              (no ring)

@: mighty, tree-form, corroded, hasted, very quick
A: large, rugged brown scales 3, see invisible
a: Renounce Religion, Wall Jump, Serpent's Lash


You were on level 10 of the Dungeon.
You worshipped Wu Jian.
Wu Jian was greatly pleased with you.
You were a tree.
You visited 2 branches of the dungeon, and saw 11 of its levels.
You also visited: Ossuary.

You collected 578 gold pieces.

Inventory:

Hand Weapons
 a - a +0 war axe (weapon)
 u - a +1 spectral club
 A - a +6 trident of flaming
 E - a +2 flail of protection
 L - a +0 hand crossbow
 R - a +1 vampiric trident
Missiles
 g - a throwing net
 k - 207 stones
 s - 263 arrows
 z - 38 bolts
 F - 11 boomerangs
 G - 20 poisoned darts
Armour
 b - the +0 scale mail of Space (melded) {rPois rN+ MP+9 Dex+2}
   (You found it on level 9 of the Dungeon)

   It affects your dexterity (+2).
   It protects you from poison.
   It protects you from negative energy.
   It affects your magic capacity (+9).
 c - a +0 kite shield (worn)
 e - a +0 helmet (melded)
 j - a scarf of resistance (melded)
 x - a +0 pair of gloves (melded)
 H - a +0 chain mail
 N - +0 acid dragon scales
Jewellery
 d - a ring of resist corrosion (left branch)
Wands
 w - a wand of flame (27)
 O - a wand of polymorph (9)
 P - a wand of acid (11)
Scrolls
 h - a scroll of fear {unknown}
 n - 2 scrolls of random uselessness {unknown}
 q - 2 scrolls of blinking
 r - a scroll of enchant armour {unknown}
 y - 2 scrolls of remove curse
 B - 5 scrolls of teleportation
 I - 2 scrolls of immolation
 J - 3 scrolls of fog
 M - a scroll of magic mapping {unknown}
 T - a scroll of identify
Potions
 f - a potion of mutation {unknown}
 i - 2 potions of lignification
 m - 2 potions of berserk rage {unknown}
 o - 2 potions of degeneration {unknown}
 p - 6 potions of ambrosia
 t - 2 potions of attraction {unknown}
 v - 4 potions of curing
 C - 2 potions of flight {unknown}
 D - a potion of brilliance {unknown}
 K - a potion of invisibility {unknown}


   Skills:
 * Level 7.1 Fighting
 + Level 9.6(9.8) Axes
 + Level 1.2(6.1) Maces & Flails
 - Level 2.6(6.2) Polearms
 + Level 5.6 Armour
 + Level 1.9 Dodging
 - Level 0.5 Stealth
 + Level 5.4 Shields
 * Level 5.5 Evocations


You had 6 spell levels left.
You knew the following spells:

 Your Spells              Type           Power        Failure   Level
a - Mephitic Cloud        Conj/Pois/Air  0%           95%         3

Your spell library contained the following spells:

 Spells                   Type           Power        Failure   Level
 Animate Skeleton         Necr           0%           65%         1
 Apportation              Tloc           0%           65%         1
 Corona                   Hex            0%           65%         1
 Magic Dart               Conj           0%           65%         1
 Summon Small Mammal      Summ           0%           65%         1
 Blink                    Tloc           N/A          78%         2
 Call Imp                 Summ           0%           78%         2
 Poisonous Vapours        Pois/Air       0%           78%         2
 Slow                     Hex            0%           78%         2
 Conjure Flame            Conj/Fire      0%           95%         3
 Yara's Violent Unravell  Hex/Tmut       0%           100%        5
 Freezing Cloud           Conj/Ice/Air   0%           100%        6
 Dragon Form              Tmut           0%           100%        7
 Malign Gateway           Summ/Tloc      0%           100%        7


Dungeon Overview and Level Annotations

Branches:
Dungeon (10/15)            Temple (1/1) D:4             Orc (0/2) D:9
Ossuary (visited)
   Lair: D:8-11

Altars:
Ashenzari
Cheibriados
Dithmenos
Elyvilon
Fedhas
Gozag
Hepliaklqana
Kikubaaqudgha
Makhleb
Nemelex Xobeh
Okawaru
Qazlal
Ru
Sif Muna
Trog
Uskayaw
Vehumet
Wu Jian
Xom
Yredelemnul
Zin
The Shining One

Shops:
D:7 (   D:9 *

Annotations:
D:3 2 transporters, lasso's ghost, amateur DrFi


Innate Abilities, Weirdness & Mutations

(You are completely covered in rugged brown scales. (AC +3, +7% HP))
You have supernaturally acute eyesight. (SInv)
((Armour fits poorly on your strangely shaped body.))
((You can roll at nearby foes to attack.))
((You have a long armoured tail.))
((You curl defensively after being hit.))


Message History

* * * LOW HITPOINT WARNING * * *
You barely miss the deep elf mage.
The deep elf mage is severely wounded.
You miss the redback.
You hit the rust devil but do no damage.
You closely miss the deep elf mage. The rust devil hits you.
You block the redback's attack. The deep elf mage casts a spell at you.
The bolt of negative energy hits you but does no damage.
You resist.
You barely miss the deep elf mage.
The deep elf mage is severely wounded.
You slash the deep elf mage! You closely miss the rust devil.
You hit the redback but do no damage. The redback bites you!
* * * LOW HITPOINT WARNING * * *
The rust devil hits you.
* * * LOW HITPOINT WARNING * * *
The deep elf mage hits you but does no damage.
The deep elf mage hits you with a +0 long sword.
You die...

.#######.....# # .#... #.....#
#.## #. ..... #.....# ##...##
#.###### ......
#.....####:....####.......
.......###.....#.......#.........
.........#..####...^...#.........
.........'..# ..W.^<.............
.........#..# #4s.^...#.........
.#########).# #♣es.§..#........W
............#####er..:##.........
................##§..########....
######..........##.## #....
#...........#.# #....
#.............# ####.
############### #< #. ##


You could see a rust devil (summoned), 2 deep elf magi, a phantom, a tarantella
(summoned), a redback (summoned) and a hell rat (summoned).

Vanquished Creatures
  A deep elf mage (D:10)
  Maurice (D:8)
  Maggie (D:7)
  2 hornets
  A yak (D:10)
  Duvessa (D:7)
  A water moccasin (D:6)
  2 ice beasts (D:9)
  3 orc warriors
  3 sky beasts
  2 phantoms
  An ogre (D:4)
  An eye of draining (D:10)
  6 centaurs
  4 big kobolds
  Blork the orc (D:4)
  9 bullfrogs
  A gnoll sergeant (D:6)
  Dowan (D:7)
  4 scorpions
  3 howler monkeys
  2 bullfrog zombies
  A centaur zombie (D:8)
  A jelly (D:7)
  5 orc priests
  7 hounds
  12 orc wizards
  Jessica (D:2)
  An iguana (D:4)
  10 worker ants
  7 big kobold zombies (Ossuary)
  A mummy (Ossuary)
  A worker ant zombie (D:7)
  5 gnolls
  A howler monkey skeleton (D:4)
  10 adders
  2 shadow imps
  2 white imps
  5 oozes
  2 worms
  A dart slug (D:1)
  6 leopard geckos
  49 orcs
  2 spectral bats (Ossuary)
  A ball python (D:3)
  5 bats
  4 giant cockroaches
  6 goblins
  5 hobgoblins
  7 jackals
  5 quokkas
  A bat simulacrum (Ossuary)
  3 frilled lizards
  7 gnoll zombies
  5 goblin simulacra (Ossuary)
  7 goblin zombies (Ossuary)
  5 hobgoblin zombies (Ossuary)
  27 kobolds
  3 kobold simulacra (Ossuary)
  5 kobold zombies (Ossuary)
  A leopard gecko skeleton (D:8)
  A leopard gecko zombie (D:6)
  An orc zombie (Ossuary)
  5 rats
  2 rat simulacra (Ossuary)
  2 spectral goblins (Ossuary)
  3 spectral kobolds (Ossuary)
  3 spectral rats (Ossuary)
297 creatures vanquished.

Vanquished Creatures (others)
  5 plants
5 creatures vanquished.

Grand Total: 302 creatures vanquished

Notes
Turn   | Place    | Note
-------+----------+-------------------------------------------
     0 | D:1      | Gauvater the Palentonga Fighter began the quest for the
                  | Orb.
     0 | D:1      | Reached XP level 1. HP: 20/20 MP: 1/1
   362 | D:1      | Reached XP level 2. HP: 24/27 MP: 2/2
   875 | D:2      | Found a faded altar of an unknown god.
   960 | D:2      | Reached XP level 3. HP: 30/33 MP: 3/3
  1407 | D:2      | Noticed Jessica
  1419 | D:2      | Killed Jessica
  1420 | D:2      | Reached XP level 4. HP: 35/40 MP: 4/4
  1705 | D:2      | Reached skill level 3 in Axes
  1836 | D:2      | Found a basalt altar of Yredelemnul.
  1918 | D:3      | Found a transporter.
  1919 | D:3      | Noticed lasso's ghost (amateur DrFi)
  1920 | D:3      | Found a transporter.
  2038 | D:3      | Reached XP level 5. HP: 46/49 MP: 5/5
  2757 | D:4      | Noticed a centaur
  2762 | D:4      | Noticed an ogre
  2770 | D:4      | Killed an ogre
  2771 | D:4      | Reached skill level 4 in Axes
  2771 | D:4      | Reached XP level 6. HP: 12/55 MP: 6/6
  3114 | D:4      | Noticed Blork the orc
  3127 | D:4      | Killed Blork the orc
  3279 | D:4      | Gained mutation: You curl defensively after being hit.
                  | [Palentonga growth]
  3279 | D:4      | Reached XP level 7. HP: 63/63 MP: 7/7
  3290 | D:4      | Found a staircase to the Ecumenical Temple.
  3296 | Temple   | Entered the Ecumenical Temple
  3303 | Temple   | Became a worshipper of the Wu Jian Council
  3501 | D:4      | Found a shimmering blue altar of Sif Muna.
  3579 | D:4      | Reached skill level 5 in Axes
  3579 | D:4      | Reached skill level 1 in Evocations
  3710 | D:4      | Found a glowing silver altar of Zin.
  4133 | D:5      | Entered Level 5 of the Dungeon
  4636 | D:5      | Reached skill level 6 in Axes
  4636 | D:5      | Reached skill level 1 in Dodging
  4969 | D:6      | Found a hazy altar of Hepliaklqana.
  4975 | D:6      | Reached XP level 8. HP: 59/71 MP: 8/8
  5287 | D:6      | Reached * piety under Wu Jian
  5469 | D:6      | Reached skill level 1 in Maces & Flails
  5548 | D:6      | Found a sand-covered staircase.
  5560 | Ossuary  | Entered an ossuary
  5718 | Ossuary  | Reached ** piety under Wu Jian
  6136 | D:6      | Reached skill level 5 in Fighting
  6136 | D:6      | Reached skill level 7 in Axes
  6334 | D:6      | Found a stormy altar of Qazlal.
  7079 | D:7      | Found Ataa's Weapon Shoppe.
  7082 | D:7      | Reached XP level 9. HP: 64/79 MP: 9/9
  7140 | D:7      | Reached *** piety under Wu Jian
  7142 | D:7      | Reached skill level 1 in Polearms
  7381 | D:7      | Noticed Dowan
  7387 | D:7      | Noticed Duvessa
  7399 | D:7      | Killed Duvessa
  7407 | D:7      | Killed Dowan
  8011 | D:7      | Found a broken altar of Ashenzari.
  8197 | D:7      | Noticed Maggie
  8212 | D:7      | Killed Maggie
  8657 | D:8      | Reached skill level 8 in Axes
  8788 | D:8      | Noticed Maurice
  8826 | D:8      | Killed Maurice
  8827 | D:8      | Reached skill level 5 in Armour
  8827 | D:8      | Reached skill level 5 in Shields
  9142 | D:8      | Reached XP level 10. HP: 65/88 MP: 10/10
  9397 | D:8      | Found a sparkling altar of Nemelex Xobeh.
  9413 | D:8      | Reached skill level 5 in Evocations
  9675 | D:9      | Reached **** piety under Wu Jian
 10083 | D:9      | Found Cudar's Lightly-Used Armoury.
 10214 | D:9      | Reached skill level 9 in Axes
 10504 | D:9      | Found a staircase to the Orcish Mines.
 10541 | D:9      | Learned a level 3 spell: Mephitic Cloud
 10557 | D:9      | Got a smelly scale mail
 10567 | D:9      | Identified the +0 scale mail of Space {rPois rN+ MP+9
                  | Dex+2} (You found it on level 9 of the Dungeon)
 10759 | D:10     | Entered Level 10 of the Dungeon
 10948 | D:10     | Identified Depeethri's Grimoire of Dislocated Shape
                  | Shifting
 11474 | D:10     | Found a burning altar of Makhleb.
 11476 | D:10     | Noticed a deep elf mage
 11482 | D:10     | Noticed a wizard
 11891 | D:10     | Killed a deep elf mage
 12003 | D:10     | Noticed a deep elf mage
 12004 | D:10     | Noticed a deep elf mage
 12012 | D:10     | Noticed a rust devil
 12029 | D:10     | HP: 3/138 [rust devil[a deep elf mage] (5)]
 12032 | D:10     | Slain by a deep elf mage

Illustrated notes

Levels and vault maps discovered:
D:1:      dpeg_arrival_rhombus, layout_rooms, minmay_tromino_i4
D:2:      layout_basic, lemuel_zombie_altar_yredelemnul,
          chequers_ecumenical_altar_simple, grunt_decor_resistance, uniq_jessica
D:3:      layout_loops_ring, gammafunk_ghost_arena
D:4:      layout_cave_pods, lemuel_round_altar, zin_statuary,
          minmay_temple_entry_hall, uniq_blork_the_orc
D:5:      layout_loops_ring
D:6:      layout_loops_corners, grunt_qazlal_sundering, lemuel_crystal_altar,
          lightli_ossuary_entry_decrepit_ruins
D:7:      layout_loops_ring, lemuel_round_altar, serial_shops,
          nicolae_shop_trees, serial_glass, glass_columns_a, glass_columns_a,
          due_unseen_surprise, feat_on_display, feat_on_display,
          serial_bayou_pond_a, uniq_duvessa, uniq_maggie
D:8:      layout_cave_pools, nemelex_xobeh_ov_fountains_minmay, uniq_maurice
D:9:      layout_basic, hiddenorc1_lemuel, minmay_shop_damaged,
          kennysheep_decorative_pillar
D:10:     layout_irregular_city, david_lair_shrubbed, basic_altar,
          bh_hangedman_babel_library
Temple:   regret_index_temple_waves

Skill      XL: |  1  2  3  4  5  6  7  8  9 10 |
---------------+-------------------------------+-----
Shields        | 3 4 5 |  5.4
Axes           | 3 4 6 7 8 9 |  9.6
Armour         | 3 4 5 |  5.6
Fighting       | 4 5 6 7 |  7.1
Evocations     | 2 3 4 5 |  5.5
Dodging        | 1 |  1.9
Maces & Flails | 1 |  1.2
Polearms       | 2 |  2.6
Stealth        | |  0.5

Action                   |  1- 3 |  4- 6 |  7- 9 | 10-12 || total
-------------------------+-------+-------+-------+-------++-------
Melee: War axe           |    85 |   113 |   410 |   223 ||   831
       Tailslap          |     7 |    15 |    65 |    40 ||   127
       Club              |       |       |    97 |       ||    97
       Trident           |       |       |    80 |    22 ||   102
Throw: Throwing net      |       |       |     1 |       ||     1
Invok: Lunge             |       |       |    11 |     4 ||    15
       Whirlwind         |       |       |    15 |    14 ||    29
 Abil: Rolling Charge    |    11 |    22 |    40 |    16 ||    89
       Wall Jump         |       |       |     3 |     4 ||     7
Evoke: Wand              |       |     3 |       |       ||     3
  Use: Potion            |       |     1 |     1 |     8 ||    10
       Scroll            |       |       |     8 |     5 ||    13
 Stab: Distracted        |       |       |     1 |       ||     1
Armor: Scale mail        |    40 |    51 |    39 |    42 ||   172
       Chain mail        |       |       |   234 |    43 ||   277
       Skin              |       |       |       |    16 ||    16
Dodge: Dodged            |    25 |    23 |    96 |    39 ||   183
Block: Kite shield       |    48 |    63 |   226 |   101 ||   438
